 Dungeon Crawl Stone Soup version 0.25-a0-178-gc9f82b1 (webtiles) character file.

Game seed: 11210441809749887758, levelgen mode: deterministic

16 DrEnzyme the Ruffian (level 2, 0/19 HPs)
             Began as a Formicid Wanderer on Nov 25, 2019.
             Slain by a hobgoblin
             ... wielding a +0 club
              (6 damage)
             ... on level 1 of the Dungeon on Nov 26, 2019.
             The game lasted 00:03:32 (669 turns).

DrEnzyme the Ruffian (Formicid Wanderer)             Turns: 669, Time: 00:03:32

Health: 0/19       AC:  2    Str: 18    XL:     2   Next: 75%
Magic:  2/5        EV: 11    Int: 10    God:
Gold:   20         SH:  0    Dex:  9    Spells: 4/5 levels left

rFire    . . .     SeeInvis +   a - +3 dagger
rCold    . . .     Gourm    .   (no shield)
rNeg     . . .     Faith    .   e - +0 robe
rPois    .         Spirit   .   (helmet unavailable)
rElec    .         Reflect  .   (no cloak)
rCorr    .         Harm     .   (no gloves)
MR       .....                  (no boots)
Stlth    +.........             (no amulet)
HPRegen  0.06/turn              (no ring)
MPRegen  0.09/turn              (no ring)

@: very slightly contaminated
A: permanent stasis, dig shafts and tunnels, four strong arms, antennae 3
a: Dig, Shaft Self


You were on level 1 of the Dungeon.
You were not hungry.

You visited 1 branch of the dungeon, and saw 1 of its levels.

You collected 20 gold pieces.

Inventory:

Hand Weapons
 a - a +3 dagger (weapon)
 d - a +0 spear
Armour
 e - a +0 robe (worn)
Jewellery
 i - an uncursed ring of ice {unknown}
 k - an uncursed amulet of the acrobat {unknown}
Scrolls
 c - a scroll of identify {unknown}
 g - 4 scrolls of fear
 h - a scroll of teleportation {unknown}
 j - a scroll of immolation {unknown}
Potions
 b - a potion of heal wounds
 l - a potion of degeneration {unknown}
 m - 2 potions of curing {unknown}
Comestibles
 f - 2 rations


   Skills:
 + Level 0.4 Short Blades
 + Level 1.0 Throwing
 + Level 0.3 Dodging
   Level 1.2 Shields
 + Level 3.5 Unarmed Combat
 + Level 2.3 Spellcasting
   Level 1.0 Summonings
   Level 2.0 Ice Magic


You had 4 spell levels left.
You knew the following spells:

 Your Spells              Type           Power        Failure   Level  Hunger
a - Flame Tongue          Conj/Fire      #....        30%         1    ##.....

Your spell library contained the following spells:

 Spells                   Type           Power        Failure   Level  Hunger
 Inner Flame              Hex/Fire       #.......     65%         3    ####...


Dungeon Overview and Level Annotations

Branches:
Dungeon (1/15)

Altars:
Ashenzari


Innate Abilities, Weirdness & Mutations

You cannot be hasted, slowed, berserked, paralysed or teleported.
You can dig through walls and to a lower floor.
Your four strong arms can wield two-handed weapons with a shield.
You have a pair of large antennae on your head. (SInv)


Message History

The hobgoblin hits you with a +0 club.
Casting: Flame Tongue (safe; 30% risk of failure)
Confirm with . or Enter, or press ? or * to list all spells.
Aiming: Flame Tongue (safe; 30% risk of failure)
Press: ? - help, Shift-Dir - straight line, f/p - hobgoblin
Aim: a hobgoblin, wielding a +0 club (moderately wounded)
You miscast Flame Tongue.
You are very lightly contaminated with residual magic.
You hear a sizzling sound.
The hobgoblin hits you with a +0 club.
You closely miss the hobgoblin.
The hobgoblin is moderately wounded.
The hobgoblin closely misses you.
You barely miss the hobgoblin.
The hobgoblin is moderately wounded.
The hobgoblin hits you with a +0 club.
You barely miss the hobgoblin.
The hobgoblin is moderately wounded.
The hobgoblin hits you with a +0 club.
You die...

....)..#♣.♣##..#..#........
....##.#♣.♣ ##†##.#..#####.
.......#♣.♣###).#....#
....##.#♣.♣#...)#....#####
.#####.#♣.♣#..............
.## ##.#♣.♣###............
..###..#♣.♣ ##.r....r....
#..#...#♣<♣#####g##.......
...#...#♣.♣#...#@##....$..
#..>...#♣.♣##.....#.....#.
#.#.#..#♣.♣ #.....#.....#
.......#♣.♣ #.....##...##
##..#..#♣.♣ #......#...#
###....#♣.♣##......##.##
....####♣.♣#.###..(.#
#####..#...##..###.## ##
#####.##..###....###...#


You could see a hobgoblin and a rat.

Vanquished Creatures
  An ooze (D:1)
  A bat (D:1)
  2 giant cockroaches (D:1)
  3 goblins (D:1)
  A frilled lizard (D:1)
  2 kobolds (D:1)
  2 rats (D:1)
12 creatures vanquished.

Notes
Turn   | Place    | Note
-------+----------+-------------------------------------------
     0 | D:1      | DrEnzyme the Formicid Wanderer began the quest for the Orb.
     0 | D:1      | DrEnzyme set off with the following items: a +0 club, a
                  | potion of heal wounds, a potion of lignification, a +0
                  | robe, a ration, a scroll of fear; and the following spell
                  | memorised: Flame Tongue; and the following spells available
                  | to memorise: Inner Flame
     0 | D:1      | Reached XP level 1. HP: 13/13 MP: 3/3
   172 | D:1      | Reached XP level 2. HP: 19/19 MP: 1/5
   573 | D:1      | Upgraded the game from 0.25-a0-177-gd145f35 to
                  | 0.25-a0-178-gc9f82b1
   581 | D:1      | Found a shattered altar of Ashenzari.
   669 | D:1      | Slain by a hobgoblin

Levels and vault maps discovered:
D:1:      eino_arrival_tree_alley, layout_rooms, nicolae_ashenzari_panopticon

Action                   || total
-------------------------++-------
Melee: Club              ||    13
       Dagger            ||    17
 Cast: Flame Tongue      ||    13
  Use: Potion            ||     1
Armor: Skin              ||     9
       Robe              ||     8
Dodge: Dodged            ||     9

Table legend:
 A = Non-vault XP
 B = Vault XP
 C = Vault XP percentage of total XP
 D = Non-vault monster count
 E = Vault monster count
 F = Vault count percentage of total count
                 A         B        C        D         E       F
            +---------+---------+-------+---------+---------+-------
      Total |      24 |       0 |   0.0 |      12 |       0 |   0.0
            +---------+---------+-------+---------+---------+-------
        D:1 |      24 |       0 |   0.0 |      12 |       0 |   0.0
            +---------+---------+-------+---------+---------+-------
